 Dungeon Crawl Stone Soup version 0.28-a0-1190-g77e1c55843 (webtiles) character file.

Game seed: 10689071033099687461

84 enile the Sneak (level 4, -4/37 HPs)
             Began as a Formicid Delver on Dec 19, 2021.
             Slain by a bullfrog (6 damage)
             ... on level 6 of the Dungeon.
             The game lasted 00:03:01 (902 turns).

enile the Sneak (Formicid Delver)                    Turns: 902, Time: 00:03:01

Health: -4/37      AC:  5    Str: 18    XL:     4   Next: 74%
Magic:  4/4        EV: 11    Int: 10    God:
Gold:   52         SH:  0    Dex: 12    Spells: 3/3 levels left

rFire   . . .      SeeInvis +   a - +0 falchion
rCold   . . .      Faith    .   (no shield)
rNeg    . . .      Spirit   .   h - +0 ring mail
rPois   .          Reflect  .   (helmet unavailable)
rElec   .          Harm     .   (no cloak)
rCorr   .          Rampage  .   (no gloves)
Will    .....                   (no boots)
Stlth   ++........              (no amulet)
HPRegen 0.12/turn               (no ring)
MPRegen 0.09/turn               (no ring)

@: no status effects
A: permanent stasis, dig shafts and tunnels, antennae 3, four strong arms
a: Dig, Shaft Self


You were on level 6 of the Dungeon.
You visited 1 branch of the dungeon, and saw 4 of its levels.

You collected 52 gold pieces.

Inventory:

Hand Weapons
 a - a +0 falchion (weapon)
Missiles
 i - 9 stones
Armour
 b - a +0 leather armour
 h - a +0 ring mail (worn)
Wands
 f - a wand of digging (3)
Scrolls
 d - a scroll of magic mapping


   Skills:
 - Level 4.0 Fighting
 - Level 3.0 Long Blades
 + Level 1.8 Armour
 - Level 2.1 Dodging
 - Level 6.3 Stealth


You had 3 spell levels left.
You didn't know any spells.
Your spell library was empty.

Dungeon Overview and Level Annotations

Branches:
Dungeon (8/15)
 Temple: D:4-7         Lair: D:8-11

Altars:


Innate Abilities, Weirdness & Mutations

You cannot be hasted, slowed, berserked, paralysed or teleported.
You can dig through walls and to a lower floor.
You have a pair of large antennae on your head. (SInv)
Your four strong arms can wield two-handed weapons with a shield.


Message History

The orc wizard shouts!
The white imp looks frightened!
You hear a shout!
The orc wizard casts a spell.
The orc wizard flickers and vanishes for a moment.
You extend your mandibles.
You dig through the rock wall.
You dig through the rock wall.
You dig through the rock wall.
You dig through the rock wall.
You dig through the rock wall. 2 wights come into view.
You dig through the rock wall.
You retract your mandibles.
A wight comes into view. It is wielding a +5 long sword.
Found a stone staircase leading up.
Found 20 gold pieces.
There is a stone staircase leading up here.
Your library has no spells.
The wight completely misses you.
You climb upwards.
There is a stone staircase leading down here.
The wight hits you with a +2 dire flail.
The bullfrog barely misses you. The bullfrog barely misses you.
The bullfrog hits you. x2
* * * LOW HITPOINT WARNING * * *
The bullfrog hits you.
* * * LOW HITPOINT WARNING * * *
Unknown command.
Okay, then.
As you read the scroll labelled YPHOMO XUPSIM, it crumbles to dust.
It is a scroll of identify.
You don't have any unidentified items.
The bullfrog closely misses you.
Okay, then.
The bullfrog misses you. The bullfrog barely misses you. The bullfrog hits you.
You die...

###Z.#..#.#.###.#.#.#
#.......#.#.###.....#
#.####..#.#...#.#.###
#Z####..#...#.#...# .
#.....#.........# ##
###........O...##
#.......z.#..####
#.......#.......#
#####..@FZ..#..##.####
#.....#######........#
#.###.........###.##.#
##.######### #.##.#
#...# #.##.#
.........# #.##.#
........... #.##.#
...........# #.##.#
...........{. { #.##.#


You could see an ogre, a bullfrog, a wight and a bullfrog skeleton.

Vanquished Creatures
  A water moccasin skeleton (D:6)
  A scorpion zombie (D:5)
  An adder (D:5)
  A quokka (D:5)
4 creatures vanquished.

Vanquished Creatures (others)
  16 fungi (D:5)
16 creatures vanquished.

Grand Total: 20 creatures vanquished

Notes
Turn   | Place    | Note
-------+----------+-------------------------------------------
     0 | D:5      | enile the Formicid Delver began the quest for the Orb.
     0 | D:5      | Reached XP level 1. HP: 18/18 MP: 1/1
    25 | D:5      | Reached XP level 2. HP: 12/24 MP: 2/2
    25 | D:5      | Reached XP level 3. HP: 15/29 MP: 3/3
   381 | D:5      | You fall into a shaft and drop 1 floor!
   403 | D:6      | Reached skill level 1 in Armour
   403 | D:6      | Reached XP level 4. HP: 19/37 MP: 4/4
   600 | D:6      | Noticed an ogre
   600 | D:6      | Noticed a bullfrog
   640 | D:6      | You fall into a shaft and drop 2 floors!
   896 | D:6      | HP: 1/37 [bullfrog (5)]
   902 | D:6      | Slain by a bullfrog

Illustrated notes

Levels and vault maps discovered:
D:5:      cheibrodos_two_vegetables, layout_basic,
          minmay_temple_entry_overgrown, serial_aquarium, aquarium_bridge_square
          [aquarium_subvault_bridge, aquarium_subvault_bridge,
          aquarium_subvault_balcony, aquarium_subvault_wall],
          aquarium_bridge_island_small [aquarium_subvault_small_open,
          aquarium_subvault_balcony, aquarium_subvault_bridge,
          aquarium_subvault_balcony, aquarium_subvault_bridge],
          aquarium_window_corridor_2, aquarium_window_1, aquarium_window_fake,
          aquarium_window_corner, aquarium_view_2c, aquarium_balcony_double_4,
          corexii_corridor_pit, grunt_ministairs_13, sword_in_stone
D:6:      layout_basic
D:7:      layout_loops_ring, st_stairs_4, hangedman_abyss_or_decor_slice
D:8:      layout_rooms, mainiacjoe_overflow_alcove_1, kennysheep_little_box,
          grunt_ogre_cave, minmay_microvault, uniq_pikel, uniq_harold

Skill      XL: |  1  2  3 |
---------------+----------+-----
Dodging        | 2 |  2.1
Fighting       | 4 |  4.0
Long Blades    | 3 |  3.0
Armour         | 1 |  1.8
Stealth        | |  6.3

Action                   |  1- 3 |  4- 6 || total
-------------------------+-------+-------++-------
Melee: Falchion          |    30 |     2 ||    32
 Abil: Dig               |       |     1 ||     1
       Shaft Self        |       |     1 ||     1
  Use: Scroll            |       |     3 ||     3
Armor: Leather armour    |     6 |     4 ||    10
       Ring mail         |       |     1 ||     1
Dodge: Dodged            |    18 |    15 ||    33

Table legend: (Time is in decaauts)
 A = Elapsed time spent in this place.
 B = Non-inter-level travel time spent in this place.
 C = Inter-level travel time spent in this place.
 D = Time resting spent in this place.
 E = Time spent auto-exploring this place.
 F = Levels seen in this place.
 G = Mean time per level.
                   A        B        C        D        E       F      G
               +--------+--------+--------+--------+--------+-----+--------+
         Total |    908 |    908 |      0 |    282 |    329 |   4 |  227.0 |
       Dungeon |    908 |    908 |      0 |    282 |    329 |   4 |  227.0 |
               +--------+--------+--------+--------+--------+-----+--------+

Top non-repeatable levels by time:
     D:5: 384 daAuts
     D:6: 274 daAuts
     D:8: 164 daAuts
     D:7: 85 daAuts
